 Dungeon Crawl Stone Soup version 0.23.2 (webtiles) character file.

Game seed: 15478824484629870307

192 sagitran the Charlatan (level 5, 0/25 HPs)
             Began as a Spriggan Artificer on Apr 10, 2019.
             Was a Plaything of Xom.
             Slain by a worker ant (5 damage)
             ... on level 4 of the Dungeon.
             The game lasted 00:18:45 (4643 turns).

sagitran the Charlatan (Spriggan Artificer)         Turns: 4643, Time: 00:18:46

Health: 0/25       AC:  2    Str:  6 (8)  XL:     5   Next: 42%
Magic:  10/10      EV: 19    Int: 10 (13) God:    Xom [*.....]
Gold:   176        SH:  0    Dex: 15 (17) Spells: 4/4 levels left

rFire    . . .     SeeInvis +   h - +0 dagger
rCold    . . .     Gourm    .   (shield restricted)
rNeg     . . .     Faith    .   b - +0 robe
rPois    .         Spirit   .   (helmet restricted)
rElec    .         Reflect  .   (no cloak)
rCorr    .         Harm     .   (gloves unavailable)
MR       ++...                  (boots unavailable)
Stlth    ++........             (no amulet)
HPRegen  0.08/turn              k - ring of protection from magic
MPRegen  0.12/turn              c - ring of protection from magic

@: very slightly contaminated, very quick
A: very small, unfitting armour, see invisible, herbivore, speed 3, slow
metabolism 2
a: Renounce Religion


You were on level 4 of the Dungeon.
You worshipped Xom.
You were a special plaything of Xom.
You were not hungry.

You visited 1 branch of the dungeon, and saw 5 of its levels.

You collected 176 gold pieces.

Inventory:

Hand Weapons
 a - a +0 short sword
 h - a +0 dagger (weapon)
Missiles
 j - 33 sling bullets
 l - 118 stones
 s - 6 tomahawks (quivered)
Armour
 b - a +0 robe (worn)
Jewellery
 c - a ring of protection from magic (right hand)
 k - a ring of protection from magic (left hand)
 t - an uncursed ring of fire {unknown}
Wands
 d - a wand of enslavement (10)
 e - a wand of random effects (1)
Scrolls
 m - 2 scrolls of remove curse
 p - a scroll of amnesia {unknown}
 q - a scroll of enchant armour {unknown}
 r - 5 scrolls of identify {unknown}
 u - 2 scrolls of magic mapping {unknown}
 v - a scroll of enchant weapon {unknown}
Potions
 g - a potion of curing
 i - a potion of degeneration
Comestibles
 f - 6 rations


   Skills:
 + Level 1.4 Fighting
 + Level 2.8 Short Blades
 + Level 0.9 Throwing
 + Level 4.5 Dodging
 + Level 3.4 Stealth
 + Level 5.5 Evocations


You had 4 spell levels left.
You didn't know any spells.
Your spell library was empty.

Dungeon Overview and Level Annotations

Branches:
Dungeon (5/15)
 Temple: D:4-7

Altars:
Kikubaaqudgha
Qazlal
Uskayaw
Xom


Innate Abilities, Weirdness & Mutations

You are very small and have problems with some larger weapons.
You are too small for most types of armour.
You have supernaturally acute eyesight. (SInv)
You are a herbivore.
You cover ground extremely quickly.
You need to consume almost no food.


Message History

Evoke which item? (* to show all) (? for menu, Esc to quit)
Aiming: Enslavement
Press: ? - help, Shift-Dir - straight line, f/p - hound
Aim: a hound (slightly transparent, inner flame, chance to defeat MR: 71%)
The hound struggles to resist.
Evoke which item? (* to show all) (? for menu, Esc to quit)
Aiming: Enslavement
Press: ? - help, Shift-Dir - straight line, f/p - hound
Aim: a hound (slightly transparent, inner flame, chance to defeat MR: 71%)
The hound is charmed.
You swap places.
The adder misses you.
Your extra speed is starting to run out.
The orc closely misses your hound.
Your hound misses the adder. The orc closely misses your hound.
Your hound closely misses the adder.
You feel yourself slow down. The worker ant bites you.
You die... "This toy is broken."

#####
###############...#####.#
#........................
#..o....hS....@.........#
#.###########a##..>.....#
#.##...[....o.##........#
#.##.###########.#####..#
#..#.# #.# .# #..#.# #.#
. #..#.# #.# #..#.#
#..#a##


You could see a worker ant, an orc wizard, an adder and a friendly hound (inner
flame).

Vanquished Creatures
  An ogre (D:4)
  A gnoll (D:1)
  4 adders
  An ooze (D:2)
  2 worms (D:2)
  A leopard gecko (D:2)
  7 orcs
  5 giant cockroaches
  5 goblins
  4 hobgoblins
  10 jackals
  2 quokkas (D:2)
  6 bats
  3 frilled lizards
  7 kobolds
  6 rats
65 creatures vanquished.

Vanquished Creatures (collateral kills)
  A worm (D:4)
  4 orcs
5 creatures vanquished.

Grand Total: 70 creatures vanquished

Notes
Turn   | Place    | Note
-------+----------+-------------------------------------------
     0 | D:1      | sagitran the Spriggan Artificer began the quest for the
                  | Orb.
     0 | D:1      | Reached XP level 1. HP: 9/9 MP: 4/4
   308 | D:1      | Reached XP level 2. HP: 10/14 MP: 6/6
   816 | D:1      | Reached skill level 5 in Evocations
  1148 | D:1      | Reached XP level 3. HP: 14/17 MP: 7/7
  1393 | D:2      | Reached skill level 1 in Fighting
  1621 | D:2      | Found a faded altar of an unknown god.
  1991 | D:2      | Found an ancient bone altar of Kikubaaqudgha.
  2538 | D:2      | Reached XP level 4. HP: 22/22 MP: 8/8
  4214 | D:3      | Found a hide-covered altar of Uskayaw.
  4233 | D:4      | Noticed an ogre
  4420 | D:4      | Found a shimmering altar of Xom.
  4433 | D:4      | Became a worshipper of Xom of Chaos
  4436 | D:4      | XOM: potion effect (agility)
  4496 | D:4      | XOM: potion effect (invisibility)
  4519 | D:4      | Killed an ogre
  4519 | D:4      | Reached XP level 5. HP: 17/25 MP: 10/10
  4552 | D:4      | XOM: potion effect (haste)
  4552 | D:4      | XOM: butterfly on damage
  4558 | D:4      | Found a stormy altar of Qazlal.
  4574 | D:5      | Entered Level 5 of the Dungeon
  4643 | D:4      | Slain by a worker ant

Skill      XL: |  1  2  3  4 |
---------------+-------------+-----
Evocations     | 5 |  5.5
Fighting       | 1 |  1.4
Short Blades   | 2 |  2.8
Stealth        | 2 3 |  3.4
Dodging        | 4 |  4.5
Throwing       | |  0.9

Action                   |  1- 3 |  4- 6 || total
-------------------------+-------+-------++-------
Melee: Dagger            |   223 |   146 ||   369
       Short sword       |       |    11 ||    11
       Trident           |       |     7 ||     7
Throw: Tomahawk          |       |    18 ||    18
       Stone             |       |    12 ||    12
Evoke: Wand              |    11 |    23 ||    34
  Use: Scroll            |     2 |     1 ||     3
       Potion            |       |     3 ||     3
 Stab: Sleeping          |     6 |     1 ||     7
       Paralysed         |       |     2 ||     2
       Invisible         |       |     3 ||     3
       Confused          |       |     1 ||     1
  Eat: Ration            |       |     1 ||     1
Armor: Robe              |    20 |    16 ||    36
Dodge: Dodged            |   188 |   187 ||   375
